Map: Prion Terraces

Players

lesha - Winner!

  • Race: Terran Terran

A.I. 1 (Very Hard)

  • Race: Terran Terran

VOD

Have the link to the VOD?

Description

Time

  • Played on: Dec. 5, 2015, 7:17 a.m.
  • Length: 19:20
Show
View Real Time Build Order
Export as new Build Order

lesha Terran - Winner!

Build Orders: MMM Bio 

Get SALT Encoding   

  12  0:01  SCV  
  13  0:13  SCV  
  14  0:19  Supply Depot  
  14  0:25  SCV  
  15  0:41  SCV  
  15  0:42  Barracks  
  16  0:53  SCV  
  17  1:16  SCV  
  18  1:19  Command Center  
  18  1:23  Refinery  
  18  1:32  Orbital Command  
  18  1:36  Marine  
  19  1:47  Supply Depot  
  19  1:51  Refinery  
  19  1:57  SCV  
  20  2:03  Marine  
  21  2:09  SCV  
  21  2:21  SCV  
  22  2:26  Factory  
  22  2:27  Marine  
  23  2:35  Bunker  
  23  2:37  SCV  
  24  2:41  Orbital Command  
  24  2:49  SCV  
  25  3:01  SCV  
  26  3:10  Factory Tech Lab  
  26  3:13  SCV, Starport  
  27  3:21  SCV  
  27  3:22  Barracks  
  27  3:25  SCV  
  29  3:32  Bunker  
  29  3:33  SCV, Marine  
  31  3:45  Siege Tank  
  34  3:51  SCV, Marine  
  36  3:56  SCV  
  37  4:03  SCV, Starport Reactor  
  37  4:08  SCV  
  37  4:09  Marine  
  40  4:15  SCV  
  40  4:28  Marine  
  40  4:30  Barracks Tech Lab  
  41  4:37  Siege Tank  
  44  4:46  Supply Depot, Marine  
  44  4:48  Supply Depot  
  44  4:50  Supply Depot  
  44  4:51  Supply Depot, Engineering Bay  
  45  4:53  Engineering Bay  
  45  5:04  Barracks  
  45  5:05  Barracks x2  
  45  5:13  Marauder  
  47  5:14  Barracks Reactor  
  47  5:26  SCV x2  
  47  5:28  Bunker  
  49  5:34  Refinery, Marauder  
  49  5:35  Refinery  
  51  5:38  SCV  
  51  5:39  SCV  
  53  5:45  Supply Depot  
  53  5:46  Terran Infantry Weapons Level 1  
  53  5:47  Supply Depot, Terran Infantry Armor Level 1  
  53  5:49  Supply Depot  
  53  5:51  SCV x2  
  53  5:52  Stimpack  
  55  5:58  Marine x2  
  55  5:59  Marine  
  58  6:09  Marauder  
  58  6:10  Marine x2  
  62  6:16  Marine x2  
  64  6:26  SCV x2  
  64  6:30  Marauder  
  68  6:37  Command Center  
  68  6:38  SCV x2  
  70  6:41  Armory  
  70  6:43  Barracks Reactor  
  70  6:45  Barracks Reactor  
  70  6:46  Barracks Tech Lab  
  70  6:54  Medivac x2  
  70  7:00  SCV x2  
  76  7:08  Combat Shields  
  76  7:12  SCV x2  
  76  7:13  Marine x4  
  82  7:19  Siege Tank  
  85  8:03  Marine x5  
  85  8:04  Marauder x2  
  85  8:05  Medivac x2  
  96  8:08  Marine  
  99  8:20  Marine  
  99  8:21  Marine x4  
  99  8:25  SCV x2, Marauder, Marine  
  99  8:26  Marauder  
  111  8:37  SCV x2  
  111  8:38  Marine x2  
  111  8:39  Marine x2  
  117  8:46  Supply Depot  
  117  8:47  Supply Depot  
  117  8:49  Supply Depot  
  117  8:51  Supply Depot  
  117  8:55  Refinery  
  117  9:07  Marine x5  
  117  9:08  SCV, Marauder  
  117  9:09  Thor, Marine x2  
  133  9:11  Medivac  
  135  9:26  Marauder  
  135  9:29  Marauder  
  139  9:33  Terran Infantry Weapons Level 2, Terran Infantry Armor Level 2  
  139  9:36  Command Center  
  139  9:37  Concussive Shells  
  139  9:38  Marine  
  139  9:39  Marine x5  
  139  9:42  Medivac  
  147  9:47  Marine  
  147  9:50  Marine  
  149  10:00  Orbital Command  
  149  10:10  Supply Depot  
  149  10:12  Supply Depot  
  149  10:15  Supply Depot  
  149  10:16  Supply Depot x2  
  149  10:25  Barracks x2  
  149  10:27  Barracks  
  149  10:32  Thor, SCV x2  
  149  10:34  SCV  
  158  10:42  Marine x5  
  161  10:44  SCV x2, Marauder x2  
  161  10:45  Marine  
  161  10:46  Medivac x2  
  174  11:00  Marine x3  
  171  11:05  Marauder x2  
  162  11:14  Barracks  
  162  11:27  Marine x5  
  162  11:28  Marine  
  162  11:31  Marauder x2  
  172  11:33  Medivac  
  172  11:34  Medivac  
  176  11:45  Marine x6  
  182  11:52  Marauder  
  182  11:53  Marauder  
  176  12:01  Terran Infantry Weapons Level 3  
  176  12:02  Terran Infantry Armor Level 3, Marine  
  176  12:03  Medivac, Marine x5  
  176  12:04  Medivac  
  186  12:13  Marine x2  
  188  12:16  Orbital Command  
  188  12:23  Marine x3  
  188  12:24  Marine x3  
  188  12:27  Barracks Reactor x3  
  188  12:28  Barracks Tech Lab  
  194  12:31  Marine x2  
  194  12:33  Medivac x2  
  200  12:41  Marine x2  
  200  12:42  Marine  
  126  12:58  Marine  
  126  12:59  Marine x7  
  126  13:00  Marine  
  123  13:10  Marine x4  
  123  13:11  Marine x2  
  129  13:16  Marine x2  
  129  13:17  Marauder, Marine x4  
  129  13:18  Marauder x2  
  141  13:26  Medivac x2  
  145  13:28  Command Center, Marine x5  
  145  13:29  Marine  
  151  13:34  Marine x3  
  151  13:35  Marine  
  151  13:39  Marauder x3  
  151  13:40  Marine x2  
  163  13:46  Marine x6  
  169  13:52  Marine x3  
  172  13:56  Starport, Medivac x2  
  172  14:00  Marauder x2  
  172  14:01  Marauder  
  182  14:06  Marine x3  
  182  14:07  Marine x6  
  191  14:10  Marine x2  
  193  14:21  Marauder  
  193  14:22  Marauder x2  
  199  14:29  Marine  
  200  14:33  Starport  
  200  14:43  Refinery  
  200  14:44  Refinery  
  160  15:06  Marine x2  
  160  15:07  Marine x3  
  158  15:08  Marauder x3  
  158  15:10  Medivac x2  
  158  15:12  Marine x2  
  158  15:13  Marine x3  
  167  15:40  Medivac x2  
  163  15:53  Marine x2  
  163  15:54  Marine x7  
  172  16:01  Starport Reactor  
  170  16:10  Medivac x2  
  161  16:14  Starport Reactor  
  161  16:30  Marine x4  
  161  16:31  Marine x2  
  161  16:32  Marauder x2  
  173  16:33  Marauder  
  173  16:34  Marine x2  
  173  16:35  Marine x3  
  181  16:47  Marine  
  181  16:48  Medivac x2, Marine x3  
  181  16:53  Marauder  
  175  17:17  Marine x5  
  175  17:18  Medivac x2, Marine x8  
  175  17:19  Marine  
  175  17:20  Marauder  
  197  17:37  Marauder x2  
  194  17:48  Medivac x2  
  194  17:49  Marine x2  
  198  18:18  Medivac x2  
Show
View Real Time Build Order
Export as new Build Order

A.I. 1 (Very Hard) Terran 

Build Orders: MMM Bio 

Get SALT Encoding   

  12  0:00  SCV  
  13  0:13  SCV  
  14  0:19  Supply Depot  
  14  0:25  SCV  
  15  0:40  SCV  
  16  0:42  Barracks  
  16  0:46  Refinery  
  16  0:52  SCV  
  17  1:03  Barracks  
  17  1:04  SCV  
  18  1:17  SCV  
  19  1:29  Marine  
  19  1:32  Orbital Command  
  20  1:41  Barracks  
  20  1:47  Marine  
  20  1:49  Marine  
  22  1:57  Supply Depot  
  22  1:58  SCV  
  23  2:06  Barracks Tech Lab  
  23  2:08  Barracks Tech Lab  
  23  2:18  SCV  
  24  2:24  Marine  
  24  2:25  Stimpack  
  24  2:26  Marine  
  24  2:28  Concussive Shells, Marine  
  27  2:35  Supply Depot  
  27  2:42  Marine  
  27  2:44  SCV, Marine  
  28  2:46  Marine  
  31  3:00  Marauder  
  31  3:02  Marauder  
  31  3:04  Marine  
  31  3:05  Supply Depot  
  36  3:18  SCV  
  37  3:21  Combat Shields, Marine  
  37  3:22  Marine  
  37  3:25  Supply Depot  
  37  3:26  Marine  
  40  3:39  Marine  
  40  3:40  Refinery, Marauder  
  43  3:45  Marauder  
  45  4:01  Marauder  
  45  4:02  SCV  
  48  4:09  Marine  
  44  4:13  Marine  
  44  4:14  SCV  
  43  4:22  Marine  
  44  4:26  SCV, Ghost Academy, Marine  
  46  4:34  Command Center  
  46  4:40  Marauder  
  48  4:57  Supply Depot, Ghost  
  48  4:58  Marine  
  51  5:01  Marine  
  52  5:19  Ghost  
  52  5:21  Factory  
  54  5:23  Barracks Reactor  
  54  5:26  Marine  
  55  5:37  Supply Depot  
  55  5:44  Marauder  
  55  5:47  Marine  
  58  5:56  SCV  
  59  6:00  SCV  
  60  6:06  Marauder  
  60  6:07  Starport  
  60  6:08  SCV  
  63  6:12  SCV  
  63  6:17  Marauder  
  66  6:20  SCV  
  66  6:24  SCV  
  68  6:28  Marauder  
  68  6:32  SCV  
  71  6:36  SCV  
  71  6:37  Ghost  
  74  6:43  Medivac  
  74  6:44  SCV  
  77  6:48  SCV, Supply Depot  
  78  6:56  SCV  
  78  6:57  Refinery  
  78  7:00  SCV  
  80  7:03  Refinery  
  80  7:08  SCV  
  80  7:09  Marine  
  80  7:11  Marine  
  80  7:12  SCV  
  80  7:13  Medivac  
  86  7:17  Supply Depot  
  86  7:21  SCV  
  87  7:26  Ghost  
  89  7:36  Command Center  
  89  7:37  SCV  
  89  7:38  SCV  
  91  7:45  Supply Depot  
  91  7:49  SCV  
  92  7:52  Engineering Bay  
  92  7:57  SCV  
  93  8:01  SCV  
  94  8:09  SCV  
  94  8:12  Engineering Bay  
  95  8:18  Terran Infantry Weapons Level 1  
  95  8:20  Missile Turret  
  95  8:22  Orbital Command  
  95  8:26  Missile Turret  
  95  8:33  Barracks, Starport Reactor  
  95  8:37  Terran Infantry Armor Level 1, Marine  
  96  8:42  Supply Depot  
  96  8:43  Marine  
  96  8:44  Marine  
  96  8:46  Marine  
  99  8:49  SCV  
  99  8:51  SCV  
  99  8:54  SCV  
  102  9:01  SCV  
  103  9:04  SCV  
  103  9:06  SCV  
  103  9:09  Medivac  
  107  9:13  SCV, Missile Turret  
  107  9:15  Missile Turret  
  107  9:16  SCV  
  109  9:18  SCV  
  109  9:21  Medivac  
  112  9:25  SCV  
  112  9:28  Orbital Command  
  112  9:31  SCV  
  113  9:38  Personal Cloaking  
  113  9:39  Viking  
  113  9:43  Supply Depot  
  115  9:48  Missile Turret  
  115  9:51  Viking  
  117  10:07  Command Center, Factory  
  117  10:09  Viking  
  117  10:13  Factory Tech Lab, Starport  
  119  10:17  Armory  
  119  10:18  Missile Turret  
  119  10:32  Siege Tank  
  119  10:33  Refinery  
  122  10:36  Supply Depot  
  122  10:40  Liberator  
  122  10:41  Missile Turret  
  122  10:44  Refinery  
  122  10:45  Liberator  
  122  10:46  Marauder x2  
  126  10:50  Widow Mine, Starport Tech Lab  
  128  10:59  Supply Depot  
  128  11:04  Marine  
  133  11:05  Siege Tank, Marine x2  
  133  11:06  SCV x2  
  133  11:07  Marine x2  
  133  11:08  Raven  
  128  11:19  High Capacity Fuel Tanks, Widow Mine  
  128  11:20  SCV x2  
  128  11:21  SCV  
  128  11:22  Marine  
  128  11:23  SCV, Marine x2  
  128  11:25  Marauder x2  
  141  11:27  Refinery  
  141  11:29  Supply Depot  
  141  11:32  SCV  
  141  11:33  SCV  
  141  11:34  SCV  
  141  11:35  SCV  
  141  11:37  Siege Tank  
  141  11:39  Marine  
  147  11:41  Marine  
  147  11:44  SCV  
  147  11:45  Viking  
  147  11:46  SCV, Marauder  
  157  11:47  SCV, Marauder  
  157  11:49  SCV  
  159  11:55  Supply Depot  
  159  11:59  Viking  
  159  12:01  Raven  
  163  12:05  Planetary Fortress  
  163  12:08  Marauder x2  
  167  12:09  Siege Tank, Missile Turret  
  167  12:11  Missile Turret  
  170  12:17  Widow Mine  
  170  12:20  Supply Depot  
  172  12:25  Refinery  
  172  12:26  Terran Infantry Weapons Level 2  
  172  12:29  Marauder  
  176  12:30  Marauder  
  176  12:35  Nuke  
  176  12:41  Viking, Siege Tank, Barracks  
  176  12:43  Marine x3  
  173  12:45  Supply Depot  
  173  12:46  Factory Tech Lab  
  173  12:47  Command Center  
  173  12:51  Marauder x2  
  138  12:56  Missile Turret  
  123  13:01  Marine x3  
  123  13:02  SCV  
  123  13:04  Widow Mine  
  123  13:05  Armory, Hi-Sec Auto Tracking  
  128  13:12  Marauder x2  
  132  13:13  Siege Tank  
  132  13:19  Marine  
  136  13:20  Barracks Tech Lab, Marine  
  136  13:24  Viking  
  139  13:27  Viking, Marine  
  139  13:31  Viking  
  139  13:33  Siege Tank, Marauder  
  139  13:34  Marauder  
  151  13:36  Marine  
  151  13:38  Marine x2  
  154  13:44  Widow Mine  
  154  13:45  Marine  
  157  13:54  Marine x2, Medivac  
  157  13:55  Marine  
  160  13:56  Marauder, Marine  
  163  14:03  Planetary Fortress, Marine  
  163  14:05  Siege Tank  
  163  14:08  Building Armor  
  167  14:11  Missile Turret  
  167  14:12  Missile Turret, Marine x2  
  167  14:13  Marauder  
  167  14:14  Siege Tank  
  174  14:17  SCV  
  174  14:18  Marauder  
  176  14:24  Refinery  
  176  14:27  Terran Vehicle Weapons Level 1  
  176  14:31  Marine x3, Marauder  
  178  14:34  Refinery, Marauder  
  178  14:37  Terran Vehicle And Ship Armor Level 1, Cyclone  
  186  14:38  Command Center  
  186  14:39  Marauder  
  186  14:45  Viking  
  182  14:46  Siege Tank  
  182  14:49  Marine x3  
  182  14:52  Marine  
  131  14:55  SCV, Marauder  
  108  15:00  Marine  
  108  15:01  SCV  
  108  15:02  SCV  
  108  15:03  SCV  
  108  15:06  Marine  
  106  15:07  Marine x2  
  106  15:09  Siege Tank  
  106  15:10  Marauder  
  102  15:17  Marauder  
  102  15:18  SCV, Siege Tank, Marauder  
  102  15:19  SCV  
  102  15:20  SCV  
  98  15:23  SCV  
  98  15:24  Marine  
  98  15:26  Marine  
  98  15:27  Marine  
  90  15:30  SCV  
  90  15:31  Marine  
  90  15:35  SCV  
  81  15:36  SCV  
  81  15:38  Marine  
  81  15:40  Widow Mine, Marauder  
  81  15:42  SCV, Marine  
  89  15:44  Marine  
  89  15:46  Marine  
  89  15:47  SCV  
  89  15:48  SCV  
  90  15:50  Siege Tank  
  90  15:54  SCV  
  78  15:58  Command Center  
  78  16:10  Cyclone, Marine x3  
  81  16:18  Marine  
  70  16:30  Command Center  
  70  16:31  Marine  
  71  16:34  SCV x2  
  71  16:36  SCV  
  71  16:38  SCV  
  71  16:39  Marine  
  74  16:40  Marauder  
  74  16:46  SCV x2  
  79  16:48  SCV  
  79  16:50  Marine x2  
  79  16:51  Marine  
  79  16:53  Marine  
  67  16:57  Marine  
  61  17:01  Marauder  
  61  17:02  SCV  
  61  17:08  Marine  
  57  17:11  Marine  
  57  17:12  Marauder  
  57  17:15  Marine  
  44  17:23  SCV, Marauder  
  44  17:26  Marine  
  44  17:29  Command Center  
  46  17:34  Marauder  
  36  17:45  Command Center  
  36  17:50  Command Center  
  25  18:06  Marine  
  25  18:09  Marine  
  25  18:12  Marine  
  28  18:24  Marine  
  28  18:26  SCV  
  26  18:27  Marine  
  19  18:38  SCV  
  18  18:45  Marine  
  15  18:50  SCV  
  11  19:03  SCV  
Tags
 
Composition
MMM BioMMM Bio
Matchup
TvT
Race
Terran
Add a new tag
Caveats
  • Supply blocks, unpowered buildings, or Contaminate may cause inaccurate times.
  • Supply counts are checked every 10 seconds.